 Dungeon Crawl Stone Soup version 0.25-a0-413-g3b4b6a4ccc (console) character file.

Game seed: 13937630838394525690, levelgen mode: deterministic

252 Kagalorn the Sneak (level 6, 0/44 HPs)
             Began as a Human Assassin on Jan 17, 2020.
             Slain by an orc
             ... wielding a +2 falchion of electrocution
              (14 damage)
             ... on level 4 of the Dungeon.
             The game lasted 00:18:25 (4133 turns).

Kagalorn the Sneak (Human Assassin)                 Turns: 4133, Time: 00:18:25

Health: 0/44       AC:  5    Str: 12    XL:     6   Next: 36%
Magic:  6/6        EV: 12    Int: 13    God:
Gold:   108        SH:  0    Dex: 14    Spells: 5/5 levels left

rFire    . . .     SeeInvis .   a - +1 dagger (vamp)
rCold    . . .     Gourm    .   (no shield)
rNeg     . . .     Faith    .   b - +0 robe
rPois    .         Spirit   .   (no helmet)
rElec    .         Reflect  .   c - +0 cloak
rCorr    .         Harm     .   p - +0 pair of gloves
MR       .....                  t - +0 pair of boots
Stlth    ++++......             (no amulet)
HPRegen  0.14/turn              (no ring)
MPRegen  0.10/turn              (no ring)

@: no status effects
A: no striking features
a: no special abilities


You were on level 4 of the Dungeon.
You were hungry.

You visited 1 branch of the dungeon, and saw 4 of its levels.

You collected 108 gold pieces.

Inventory:

Hand Weapons
 a - a +1 vampiric dagger (weapon)
 k - a +2 dagger of speed
 l - a cursed -1 dagger
 s - a +0 hunting sling
 u - a +2 vampiric hand axe
Missiles
 d - 23 poisoned darts (quivered)
 e - 2 curare-tipped darts
 h - 67 stones
 r - 20 sling bullets
Armour
 b - a +0 robe (worn)
 c - a +0 cloak (worn)
 p - a +0 pair of gloves (worn)
 t - a +0 pair of boots (worn)
Jewellery
 g - an uncursed ring of poison resistance {unknown}
 w - an uncursed ring of magical power
Wands
 i - a wand of iceblast (10)
Scrolls
 j - a scroll of identify
 m - 2 scrolls of teleportation {unknown}
 n - 2 scrolls of remove curse {unknown}
 o - a scroll of amnesia {unknown}
 q - 3 scrolls of fog
 v - a scroll of fear
 x - a scroll of enchant weapon
Comestibles
 f - 7 rations
 z - a chunk of flesh


   Skills:
 - Level 2.0 Fighting
 - Level 2.0 Short Blades
 - Level 2.0 Throwing
 - Level 1.0 Dodging
 * Level 7.7 Stealth


You had 5 spell levels left.
You didn't know any spells.
Your spell library was empty.

Dungeon Overview and Level Annotations

Branches:
Dungeon (4/15)
 Temple: D:4-7

Altars:
Ru


Message History

The orc priest misses you.
You hit the orc priest but do no damage.
The orc priest is moderately wounded.
The orc priest hits you with a +0 trident!
You closely miss the orc priest.
The orc priest is moderately wounded.
You hit the orc priest.
You feel better.
The orc priest is severely wounded.
The orc priest hits you with a +0 trident.
You completely miss the orc priest.
The orc priest is severely wounded.
The orc priest barely misses you.
You hit the orc priest but do no damage.
The orc priest is severely wounded.
The orc priest hits you with a +0 trident!
You hit the orc priest but do no damage.
The orc priest is severely wounded.
The orc hits you with a +2 falchion of electrocution.
You are electrocuted!
You die...

.## # ####.##
#####+ ..#.#
#....#
...#.##.#.####
#.#### #...
....#.. #.# ####
#...##.# #.# #.#
...# #......###.#
#.# ##.#
#...!......####.#
# ..
#..#?####.......#
# ##
#...@........####
# ##..oo.......#
# #...........# .
#.######+#### .
#. #. .. #


You could see an orc priest and an orc.

Vanquished Creatures
  An orc wizard (D:3)
  Ijyb (D:3)
  A worker ant (D:4)
  3 gnolls
  5 adders (D:2)
  2 oozes
  2 worms (D:2)
  A dart slug (D:1)
  4 leopard geckos
  2 orcs (D:3)
  12 bats
  3 giant cockroaches
  14 goblins
  4 hobgoblins
  5 jackals
  3 ball pythons
  7 frilled lizards
  7 kobolds
  5 rats
82 creatures vanquished.

Vanquished Creatures (others)
  A jackal (D:3)
1 creature vanquished.

Grand Total: 83 creatures vanquished

Notes
Turn   | Place    | Note
-------+----------+-------------------------------------------
     0 | D:1      | Kagalorn the Human Assassin began the quest for the Orb.
     0 | D:1      | Reached XP level 1. HP: 16/16 MP: 1/1
   128 | D:1      | Reached XP level 2. HP: 22/22 MP: 2/2
   646 | D:1      | Reached XP level 3. HP: 27/27 MP: 3/3
   666 | D:1      | Reached skill level 5 in Stealth
  1201 | D:2      | Reached XP level 4. HP: 26/33 MP: 4/4
  1472 | D:2      | Reached skill level 6 in Stealth
  1809 | D:2      | Reached XP level 5. HP: 38/38 MP: 5/5
  2646 | D:3      | Noticed Ijyb
  2745 | D:3      | Killed Ijyb
  3122 | D:2      | Reached skill level 7 in Stealth
  3456 | D:3      | Found a sacrificial altar of Ru.
  3747 | D:3      | Reached XP level 6. HP: 44/44 MP: 6/6
  4133 | D:4      | Slain by an orc

Levels and vault maps discovered:
D:1:      eino_arrival_tree_alley, layout_loops_cross, minmay_pentomino_q4
D:2:      layout_basic, patterned_corridor
D:3:      layout_basic, first_ration, hangedman_ru_absence, uniq_ijyb
D:4:      layout_basic, minmay_temple_entry_statues_fountains

Skill      XL: |  1  2  3  4  5 |
---------------+----------------+-----
Stealth        | 5 6 7 |  7.7
Fighting       | |  2.0
Short Blades   | |  2.0
Throwing       | |  2.0
Dodging        | |  1.0

Action                   |  1- 3 |  4- 6 || total
-------------------------+-------+-------++-------
Melee: Dagger            |   115 |   301 ||   416
Throw: Dart              |     4 |    31 ||    35
  Use: Potion            |       |     2 ||     2
       Scroll            |       |     3 ||     3
 Stab: Sleeping          |    10 |    10 ||    20
       Distracted        |     1 |     1 ||     2
  Eat: Chunk             |     1 |     9 ||    10
Armor: Robe              |    40 |    54 ||    94
Dodge: Dodged            |    70 |   156 ||   226

Table legend:
 A = Non-vault XP
 B = Vault XP
 C = Vault XP percentage of total XP
 D = Non-vault monster count
 E = Vault monster count
 F = Vault count percentage of total count
                 A         B        C        D         E       F
            +---------+---------+-------+---------+---------+-------
      Total |     319 |      41 |  11.4 |      77 |       5 |   6.1
            +---------+---------+-------+---------+---------+-------
        D:1 |      51 |       5 |   8.9 |      28 |       4 |  12.5
        D:2 |     144 |       0 |   0.0 |      28 |       0 |   0.0
        D:3 |      90 |      36 |  28.6 |      20 |       1 |   4.8
        D:4 |      34 |       0 |   0.0 |       1 |       0 |   0.0
            +---------+---------+-------+---------+---------+-------
